 Dungeon Crawl Stone Soup version 0.32-a0-996-gb3226c233f (webtiles) character file.

Game seed: 3376855357171441766

487 GiantSquids the Ruffian (level 7, 0/46 HPs)
             Began as an Octopode Berserker on Apr 24, 2024.
             Was a Believer of Trog.
             Slain by a river rat (6 damage)
             ... on level 5 of the Dungeon.
             The game lasted 00:07:47 (3701 turns).

GiantSquids the Ruffian (Octopode Berserker)        Turns: 3701, Time: 00:07:47

Health: 0/46       AC:  1    Str: 18    XL:     7   Next: 13%
Magic:  7/7        EV: 12    Int:  9    God:    Trog [**....]
Gold:   205        SH:  0    Dex: 12    Spells: 6/6 levels left

rFire   + . .        l - +1 mace of Ascent {venom, rF+ rCorr}
rCold   + . .        (no shield)
rNeg    . . .        (helmet restricted)
rPois   .            (no amulet)
rElec   .            h - ring of protection from cold
rCorr   +            (no ring)
SInv    .            (no ring)
Will    .....        (no ring)
Stlth   ++++         (no ring)
HPRegen 0.27/turn    (no ring)
MPRegen 0.10/turn    (no ring)
                     (no ring)

%: no passive effects
@: on berserk cooldown, slowed, very slow
A: almost no armour, amphibious, 8 rings, camouflage 1, gelatinous body 1,
nimble swimmer 1, tentacles
a: Renounce Religion, Berserk, Trog's Hand


You were on level 5 of the Dungeon.
You worshipped Trog.
Trog was pleased with you.
You visited 1 branch of the dungeon, and saw 5 of its levels.

You collected 205 gold pieces.

Inventory:

Hand Weapons
 l - the +1 mace of Ascent (weapon) {venom, rF+ rCorr}
   (You found it on level 3 of the Dungeon)

   rF+:       It protects you from fire.
   rCorr:     It protects you from acid and corrosion.
Missiles
 a - 32 stones
 f - a throwing net (quivered)
 p - 6 silver javelins
Jewellery
 h - a ring of protection from cold (left tentacle)
Scrolls
 c - 2 scrolls of revelation {unknown}
 g - 4 scrolls of identify {unknown}
 i - 3 scrolls of noise {unknown}
 j - a scroll of brand weapon {unknown}
 k - a scroll of silence {unknown}
 m - 2 scrolls of torment {unknown}
 n - a scroll of summoning {unknown}
 o - a scroll of enchant armour {unknown}
 q - a scroll of fear {unknown}
 r - a scroll of teleportation {unknown}
 s - a scroll of immolation {unknown}
Potions
 b - 3 potions of enlightenment {unknown}
 d - 2 potions of curing {unknown}
 e - a potion of degeneration {unknown}
 t - a potion of mutation {unknown}
 u - a potion of haste {unknown}
 v - a potion of heal wounds {unknown}


   Skills:
 - Level 3.0 Fighting
 - Level 3.0 Dodging
 - Level 3.5 Stealth
 * Level 7.4 Unarmed Combat


You had 6 spell levels left.
You didn't know any spells.
Your spell library was empty.

Dungeon Overview and Level Annotations

Branches:
Dungeon (5/15)             Temple (0/1) D:4

Altars:
Cheibriados
Ru
Trog
Wu Jian

Shops:
D:2 :

Portals:
Sewer: D:5


Innate Abilities, Weirdness & Mutations

You cannot wear most types of armour.
You are amphibious.
You can wear up to eight rings at the same time.
Your skin changes colour to match your surroundings (Stealth+).
Your rubbery body absorbs attacks. (AC +1, EV +1)
You are camouflaged when in or above water. (Stealth+)
You have tentacles for arms and can constrict up to eight enemies at once.


Message History

Trog accepts your kill. The ball python bites you.
* * * LOW HITPOINT WARNING * * *
The ball python constricts you.
* * * LOW HITPOINT WARNING * * *
The giant cockroach bites you but does no damage.
The ball python bites you.
* * * LOW HITPOINT WARNING * * *
The ball python constricts you.
* * * LOW HITPOINT WARNING * * *
You sock the ball python!
You kill the ball python!
Trog accepts your kill. The giant cockroach bites you.
* * * LOW HITPOINT WARNING * * *
You barely miss the giant cockroach. Your grab misses the giant cockroach.
Your squeeze misses the giant cockroach.
The giant cockroach closely misses you.
You sock the giant cockroach!
You kill the giant cockroach!
Trog accepts your kill.
You see here a giant cockroach corpse.
You enter the shallow water.
You feel a strong urge to attack something.
You are no longer berserk.
You are exhausted.
You feel yourself slow down.
You open the door.
A rat and 2 river rats come into view.
The river rat squeaks loudly.
You hear a loud squeak.
The river rat moves out of view.
Found a glowing drain.
The river rat squeaks loudly.
You hit the rat.
The rat is poisoned.
Your grab misses the rat. You squeeze the rat.
You kill the rat!
Trog accepts your kill.
A river rat comes into view.
The river rat bites you.
You die...

### ######
#~~ #~~..#
#~r #~~~.#
#~~ +~...##
##r##~....#
#~~@~~~...#
#.~~~††...#
#.~~.†....#
#.........#
######....###
##.....####
#####....####
####....#
####.#


You could see 2 river rats.

Vanquished Creatures
  2 bombardier beetles
  5 hounds
  A jelly (D:5)
  An iguana (D:4)
  2 orc wizards
  A gnoll (D:3)
  6 adders
  A river rat (D:5)
  3 ribbon worms
  4 dart slugs
  8 orcs
  5 bats
  6 endoplasms
  9 giant cockroaches
  3 hobgoblins
  A quokka (D:4)
  8 ball pythons
  3 frilled lizards (D:1)
  7 goblins
  6 kobolds
  8 rats
90 creatures vanquished.

Notes
Turn   | Place    | Note
-------+----------+-------------------------------------------
     0 | D:1      | GiantSquids the Octopode Berserker began the quest for the
                  | Orb.
     0 | D:1      | Reached XP level 1. HP: 16/16 MP: 1/1
   185 | D:1      | Reached skill level 1 in Stealth
   189 | D:1      | Reached XP level 2. HP: 21/21 MP: 2/2
   541 | D:1      | Found a faded altar of an unknown god.
   589 | D:1      | Reached XP level 3. HP: 26/26 MP: 3/3
   971 | D:2      | Reached skill level 4 in Unarmed Combat
   972 | D:2      | Reached ** piety under Trog
  1112 | D:2      | Identified the +2 robe of Istulaa {Fly Dex+4 Stlth+}
  1284 | D:2      | Found Dubet's Book Emporium.
  1361 | D:3      | Reached XP level 4. HP: 27/31 MP: 4/4
  1389 | D:3      | Identified the +1 mace of Ascent {venom, rF+ rCorr}
  1614 | D:3      | Found a snail-covered altar of Cheibriados.
  1620 | D:3      | Reached skill level 5 in Unarmed Combat
  1620 | D:3      | Reached XP level 5. HP: 35/36 MP: 5/5
  1983 | D:4      | Reached skill level 6 in Unarmed Combat
  1983 | D:4      | Reached XP level 6. HP: 31/42 MP: 6/6
  2417 | D:4      | Reached *** piety under Trog
  2600 | D:4      | Found a staircase to the Ecumenical Temple.
  3096 | D:5      | Entered Level 5 of the Dungeon
  3112 | D:5      | Reached skill level 7 in Unarmed Combat
  3114 | D:5      | Reached XP level 7. HP: 17/46 MP: 7/7
  3258 | D:5      | Found a bloodstained altar of Trog.
  3605 | D:5      | Found a sacrificial altar of Ru.
  3637 | D:5      | Found an ornate altar of the Wu Jian Council.
  3700 | D:5      | Found a glowing drain.
  3701 | D:5      | Slain by a river rat

Illustrated notes

Levels and vault maps discovered:
D:1:      tarquinn_simple_flora_water_e, layout_loops_corners,
          shapermc_ecumenical_altar_mp_highgroup
D:2:      layout_rooms, serial_shops, shop
D:3:      layout_rooms, slow_altar_1, hangedman_decor_push, cheibrodos_gnoll_hut
D:4:      kb_forest_paths, layout_gridville, temple_statues
D:5:      layout_gridville, mainiacjoe_overflow_swirl, bloody_trog,
          portal_sewer_entry_e

Skill      XL: |  1  2  3  4  5  6 |
---------------+-------------------+-----
Stealth        | 1 2 3 |  3.5
Unarmed Combat | 4 5 6 7 |  7.4
Fighting       | |  3.0
Dodging        | |  3.0

Action                     |  1- 3 |  4- 6 |  7- 9 || total
---------------------------+-------+-------+-------++-------
  Melee: Dagger            |    56 |       |       ||    56
         Unarmed           |     6 |       |       ||     6
         Constrict         |    18 |    22 |     5 ||    45
         Tentacles         |    10 |    16 |     5 ||    31
         Mace              |       |    79 |    17 ||    96
 Invoke: Berserk           |       |     2 |     1 ||     3
   Stab: Sleeping          |    13 |    10 |     1 ||    24
 Armour: Skin              |    12 |    56 |    36 ||   104
  Dodge: Dodged            |    15 |    64 |    14 ||    93

Table legend: (Time is in decaauts)
 A = Elapsed time spent in this place.
 B = Non-inter-level travel time spent in this place.
 C = Inter-level travel time spent in this place.
 D = Time resting spent in this place.
 E = Time spent auto-exploring this place.
 F = Levels seen in this place.
 G = Mean time per level.
                   A        B        C        D        E       F      G
               +--------+--------+--------+--------+--------+-----+--------+
         Total |   3738 |   3669 |     69 |      0 |   3040 |   5 |  747.6 |
       Dungeon |   3738 |   3669 |     69 |      0 |   3040 |   5 |  747.6 |
               +--------+--------+--------+--------+--------+-----+--------+

Top non-repeatable levels by time:
     D:4: 1131 daAuts
     D:1: 892 daAuts
     D:3: 669 daAuts
     D:5: 625 daAuts
     D:2: 419 daAuts
